PCL
MEXICO CITY CERVECEROS @ SANTA MONICA BRUINS
10/04/2024
 
TOP OF THE 1ST
Mexico City Cerveceros batting - Pitching for Santa Monica Bruins : LHP Juan Barrera
Pitching: LHP Juan Barrera
Batting: LHB Jesús Núńez 0-0: Swinging Strike
0-1: DOUBLE (Line Drive, 9LS)
Batting: RHB Jorge González 0-0: Ground out 2-3 (Groundball, 23)
Jesús Núńez to third
Batting: RHB Iván Gonzáles 0-0: Ball
1-0: 2-RUN HOME RUN (Flyball, 89XD), Distance : 401 ft
Batting: RHB Carl Martin 0-0: Ball
1-0: Ball
2-0: Ball
3-0: Called Strike
3-1: Foul Ball, location: 2F
3-2: Foul Ball, location: 2F
3-2: Fly out, F6 (Popup, 6M)
Batting: RHB Pablo Trujillo 0-0: Ball
1-0: Called Strike
1-1: Ball
2-1: Ball
3-1: DOUBLE (Line Drive, 5D)
Batting: LHB Juan García 0-0: Called Strike
0-1: Swinging Strike
0-2: Ball
1-2: Ball
2-2: Ball
3-2: Strikes out swinging
Top of the 1st over - 2 run(s), 3 hit(s), 0 error(s), 1 left on base; Mexico City 2 - Santa Monica 0
BOTTOM OF THE 1ST
Santa Monica Bruins batting - Pitching for Mexico City Cerveceros : RHP Honorato Mota
Pitching: RHP Honorato Mota
Batting: RHB Iván De Jesús 0-0: Ball
1-0: Called Strike
1-1: SINGLE (Flyball, 78S)
Batting: LHB Bob Cunningham 0-0: Ball
1-0: Ball
Iván De Jesús is caught stealing 2nd base
2-0: Ball
3-0: Called Strike
3-1: SINGLE (Line Drive, 6MD)
Batting: LHB António Glaviz 0-0: Foul Ball, location: 2F
0-1: Foul Ball, location: 2F
0-2: Strikes out looking
Batting: RHB Javier Deleón 0-0: Called Strike
0-1: DOUBLE (Line Drive, 89M)
Bob Cunningham to third
Runner from 3rd tries for Home, SAFE, no throw or cutoff
Batting: LHB Ken Poche 0-0: Foul Ball, location: 2F
0-1: Ball
1-1: Foul Ball, location: 2F
1-2: Foul Ball, location: 2F
1-2: SINGLE (Line Drive, 4D)
Javier Deleón to third
Runner from 3rd tries for Home, SAFE, no throw or cutoff
Batting: RHB Cisco Gatán 0-0: Ball
Throwing error on steal attempt, E2
Ken Poche to third
1-0: SINGLE (Line Drive, 34D)
Ken Poche scores
Batting: RHB Roberto Bojórquez 0-0: Ball
1-0: Called Strike
1-1: Called Strike
1-2: Ball
2-2: Ball
3-2: Base on Balls
Cisco Gatán to second
Batting: RHB Justin Burgess 0-0: Ball
1-0: Swinging Strike
1-1: Foul Ball, location: 2F
1-2: Ground out 1-3 (Groundball, 13S)
Bottom of the 1st over - 3 run(s), 5 hit(s), 1 error(s), 2 left on base; Mexico City 2 - Santa Monica 3
TOP OF THE 2ND
Mexico City Cerveceros batting - Pitching for Santa Monica Bruins : LHP Juan Barrera
Batting: RHB Júlio López 0-0: Ball
1-0: Foul Ball, location: 2F
1-1: Fly out, F3 (Popup, 34)
Batting: SHB George Adams 0-0: Foul Ball, location: 2F
0-1: Ball
1-1: Called Strike
1-2: Foul Ball, location: 2F
1-2: Ball
2-2: Strikes out looking
Batting: RHB Jorge Rodríguez 0-0: Called Strike
0-1: Ball
1-1: DOUBLE (Line Drive, 5L)
Pinch Runner at 2nd Bill Finley:
Batting: LHB Jesús Núńez 0-0: Ball
1-0: Ball
2-0: Ball
3-0: Called Strike
3-1: Foul Ball, location: 2F
3-2: Strikes out swinging
Top of the 2nd over - 0 run(s), 1 hit(s), 0 error(s), 1 left on base; Mexico City 2 - Santa Monica 3
BOTTOM OF THE 2ND
Santa Monica Bruins batting - Pitching for Mexico City Cerveceros : RHP Honorato Mota
Now at SS: Bill Finley
Batting: RHB Don Keating 0-0: Ball
1-0: Swinging Strike
1-1: Ball
2-1: Swinging Strike
2-2: Strikes out swinging
Batting: RHB Iván De Jesús 0-0: Ball
1-0: Foul Ball, location: 2F
1-1: Foul Ball, location: 2F
1-2: Foul Ball, location: 2F
1-2: Ball
2-2: Fly out, F9 (Flyball, 9M)
Batting: LHB Bob Cunningham 0-0: Foul Ball, location: 2F
0-1: Ground out 5-3 (Groundball, 15S)
Bottom of the 2nd over - 0 run(s), 0 hit(s), 0 error(s), 0 left on base; Mexico City 2 - Santa Monica 3
TOP OF THE 3RD
Mexico City Cerveceros batting - Pitching for Santa Monica Bruins : LHP Juan Barrera
Batting: RHB Jorge González 0-0: Called Strike
0-1: Called Strike
0-2: Strikes out swinging
Batting: RHB Iván Gonzáles 0-0: Called Strike
0-1: Ball
1-1: Ball
2-1: Foul Ball, location: 2F
2-2: Ball
3-2: Base on Balls
Batting: RHB Carl Martin 0-0: Ball
1-0: Swinging Strike
1-1: Foul Ball, location: 2F
Balk!
Iván Gonzáles to second
1-2: Ball
2-2: Foul Ball, location: 2F
2-2: Foul Ball, location: 2F
2-2: Strikes out swinging
Batting: RHB Pablo Trujillo 0-0: Foul Ball, location: 2F
0-1: Ball
1-1: Ball
2-1: Swinging Strike
2-2: Fly out, F6 (Line Drive, 6MD)
Top of the 3rd over - 0 run(s), 0 hit(s), 0 error(s), 1 left on base; Mexico City 2 - Santa Monica 3
BOTTOM OF THE 3RD
Santa Monica Bruins batting - Pitching for Mexico City Cerveceros : RHP Honorato Mota
Batting: LHB António Glaviz 0-0: Ball
1-0: Ball
2-0: Ball
3-0: Called Strike
3-1: Called Strike
3-2: Foul Ball, location: 2F
3-2: Base on Balls
Batting: RHB Javier Deleón 0-0: Ball
António Glaviz steals 2nd base
1-0: Ball
2-0: Called Strike
2-1: Foul Ball, location: 2F
2-2: Ground out 6-3 (Groundball, 56)
Batting: LHB Ken Poche 0-0: Ball
1-0: Foul Ball, location: 2F
1-1: Swinging Strike
1-2: Ball
2-2: Strikes out swinging
Batting: RHB Cisco Gatán 0-0: SINGLE (Line Drive, 8LS)
António Glaviz to third
Runner from 3rd tries for Home, SAFE, no throw or cutoff
Batting: RHB Roberto Bojórquez 0-0: Called Strike
0-1: Foul Ball, location: 2F
0-2: Ball
1-2: Foul Ball, location: 2F
1-2: Fielders Choice at 2nd, U4 (Groundball, 4M)
Bottom of the 3rd over - 1 run(s), 1 hit(s), 0 error(s), 1 left on base; Mexico City 2 - Santa Monica 4
TOP OF THE 4TH
Mexico City Cerveceros batting - Pitching for Santa Monica Bruins : LHP Juan Barrera
Batting: LHB Juan García 0-0: Foul Ball, location: 2F
0-1: Ball
1-1: Ball
2-1: Fly out, F9 (Flyball, 9S)
Batting: RHB Júlio López 0-0: Fly out, F3 (Popup, 3F)
Batting: SHB George Adams 0-0: Ground out 6-3 (Groundball, 6)
Top of the 4th over - 0 run(s), 0 hit(s), 0 error(s), 0 left on base; Mexico City 2 - Santa Monica 4
BOTTOM OF THE 4TH
Santa Monica Bruins batting - Pitching for Mexico City Cerveceros : RHP Honorato Mota
Batting: RHB Justin Burgess 0-0: SINGLE (Line Drive, 4D)
Batting: RHB Don Keating 0-0: Called Strike
0-1: Swinging Strike
0-2: Ball
1-2: Ball
2-2: Ball
3-2: Fly out, F8 (Flyball, 89S)
Batting: RHB Iván De Jesús 0-0: Ball
1-0: Fielders Choice at 2nd, 3-6 (Groundball, 3)
Batting: LHB Bob Cunningham 0-0: Ball
1-0: Called Strike
1-1: Swinging Strike
1-2: Fly out, F7 (Flyball, 7S)
Bottom of the 4th over - 0 run(s), 1 hit(s), 0 error(s), 1 left on base; Mexico City 2 - Santa Monica 4
TOP OF THE 5TH
Mexico City Cerveceros batting - Pitching for Santa Monica Bruins : LHP Juan Barrera
Batting: RHB Bill Finley 0-0: Ball
1-0: Ball
2-0: Ground out 5-3 (Groundball, 56)
Batting: LHB Jesús Núńez 0-0: Foul Ball, location: 2F
0-1: Ground out 1-3 (Groundball, 23)
Batting: RHB Jorge González 0-0: Ball
1-0: Ball
2-0: Ball
3-0: Called Strike
3-1: Called Strike
3-2: SINGLE (Groundball, 56D)
Batting: RHB Iván Gonzáles 0-0: Ball
1-0: Fly out, F8 (Flyball, 8RD)
Top of the 5th over - 0 run(s), 1 hit(s), 0 error(s), 1 left on base; Mexico City 2 - Santa Monica 4
BOTTOM OF THE 5TH
Santa Monica Bruins batting - Pitching for Mexico City Cerveceros : RHP Honorato Mota
Batting: LHB António Glaviz 0-0: Swinging Strike
0-1: Ball
1-1: Ball
2-1: Ball
3-1: Base on Balls
Batting: RHB Javier Deleón 0-0: Ball
1-0: Called Strike
1-1: Ball
2-1: Fielders Choice at 2nd, 6-4 (Groundball, 6M)
Batting: LHB Ken Poche 0-0: Called Strike
0-1: Called Strike
0-2: Strikes out looking
Batting: RHB Cisco Gatán 0-0: Called Strike
0-1: Ball
1-1: Ball
2-1: SINGLE (Line Drive, 34D)
Javier Deleón to second
Runner from 2nd tries for 3rd, SAFE, throw made to third
Batting: RHB Roberto Bojórquez 0-0: Ball
1-0: Foul Ball, location: 2F
1-1: Ball
2-1: Foul Ball, location: 2F
2-2: Strikes out swinging
Bottom of the 5th over - 0 run(s), 1 hit(s), 0 error(s), 2 left on base; Mexico City 2 - Santa Monica 4
TOP OF THE 6TH
Mexico City Cerveceros batting - Pitching for Santa Monica Bruins : LHP Juan Barrera
Batting: RHB Carl Martin 0-0: SOLO HOME RUN (Flyball, 78XD), Distance : 396 ft
Batting: RHB Pablo Trujillo 0-0: Foul Ball, location: 2F
0-1: Ball
1-1: Swinging Strike
1-2: SINGLE (Line Drive, 6MD)
Batting: LHB Juan García 0-0: Ball
1-0: Ball
2-0: Foul Ball, location: 2F
2-1: Called Strike
2-2: Strikes out swinging
Batting: RHB Júlio López 0-0: Grounds into double play, 4-6-3 (Groundball, 4)
Top of the 6th over - 1 run(s), 2 hit(s), 0 error(s), 0 left on base; Mexico City 3 - Santa Monica 4
BOTTOM OF THE 6TH
Santa Monica Bruins batting - Pitching for Mexico City Cerveceros : RHP Honorato Mota
Pitching: RHP Troy Hawkins
Batting: RHB Justin Burgess 0-0: Fly out, F7 (Line Drive, 7M)
Batting: RHB Don Keating 0-0: Ball
1-0: Fly out, F9 (Flyball, 9D)
Batting: RHB Iván De Jesús 0-0: Called Strike
0-1: Hit by Pitch
Batting: LHB Bob Cunningham 0-0: Called Strike
Iván De Jesús is caught stealing 2nd base
Bottom of the 6th over - 0 run(s), 0 hit(s), 0 error(s), 0 left on base; Mexico City 3 - Santa Monica 4
TOP OF THE 7TH
Mexico City Cerveceros batting - Pitching for Santa Monica Bruins : LHP Juan Barrera
Batting: SHB George Adams 0-0: Ball
1-0: Swinging Strike
1-1: Called Strike
1-2: Ball
2-2: Strikes out swinging
Batting: RHB Bill Finley 0-0: Foul Ball, location: 2F
0-1: Called Strike
0-2: Strikes out looking
Batting: LHB Jesús Núńez 0-0: Called Strike
0-1: SINGLE (Groundball, 4MD)
Pitching: RHP Javier Correa
Batting: RHB Jorge González 0-0: Ball
Jesús Núńez steals 2nd base
1-0: Ball
2-0: Ball
3-0: Called Strike
3-1: Foul Ball, location: 2F
3-2: SINGLE (Line Drive, 3)
Jesús Núńez to third
Jesús Núńez scores
Batting: RHB Iván Gonzáles 0-0: Called Strike
0-1: Foul Ball, location: 2F
0-2: Ball
1-2: Foul Ball, location: 2F
1-2: Foul Ball, location: 2F
1-2: SINGLE (Groundball, 56D)
Jorge González to second
Pinch Hitting: LHB Kevin Beasley 0-0: Ball
1-0: Ball
2-0: Called Strike
2-1: Foul Ball, location: 2F
2-2: SINGLE (Flyball, 89S)
Jorge González to third
Iván Gonzáles to second
Batting: RHB Pablo Trujillo 0-0: Ball
1-0: Ball
2-0: Foul Ball, location: 2F
2-1: Ball
3-1: Base on Balls
Jorge González scores
Iván Gonzáles to third
Kevin Beasley to second
Batting: LHB Juan García 0-0: Called Strike
0-1: Foul Ball, location: 2F
0-2: Fly out, F8 (Flyball, 8LD)
Top of the 7th over - 2 run(s), 4 hit(s), 0 error(s), 3 left on base; Mexico City 5 - Santa Monica 4
BOTTOM OF THE 7TH
Santa Monica Bruins batting - Pitching for Mexico City Cerveceros : RHP Troy Hawkins
Now in RF: Kevin Beasley
Batting: LHB Bob Cunningham 0-0: Ball
1-0: Ground out 4-3 (Groundball, 4)
Batting: LHB António Glaviz 0-0: Called Strike
0-1: Ball
1-1: SINGLE (Line Drive, 7LS)
Pinch Hitting: LHB Noriaki Sangi 0-0: Ball
1-0: Called Strike
1-1: DOUBLE (Line Drive, 89XD)
António Glaviz to third
Runner from 3rd tries for Home, throw and OUT!
Batting: LHB Ken Poche 0-0: Ball
1-0: Foul Ball, location: 2F
1-1: Ball
2-1: Foul Ball, location: 2F
2-2: DOUBLE (Flyball, 89D)
Noriaki Sangi scores
Batting: RHB Cisco Gatán 0-0: Swinging Strike
0-1: Called Strike
0-2: Strikes out swinging
Bottom of the 7th over - 1 run(s), 3 hit(s), 0 error(s), 1 left on base; Mexico City 5 - Santa Monica 5
TOP OF THE 8TH
Mexico City Cerveceros batting - Pitching for Santa Monica Bruins : RHP Javier Correa
Now at 1B: Noriaki Sangi
Pinch Hitting: LHB Francisco Franco 0-0: Called Strike
0-1: SINGLE (Line Drive, 9LS)
Pinch Hitting: RHB Robinson Pacheco 0-0: Sac Bunt - play at second, runner OUT! 1-6
Batting: RHB Bill Finley 0-0: Swinging Strike
0-1: Foul Ball, location: 2F
0-2: Strikes out swinging
Batting: LHB Jesús Núńez 0-0: Ball
1-0: Ball
2-0: Ball
3-0: Base on Balls
Robinson Pacheco to second
Batting: RHB Jorge González 0-0: Swinging Strike
0-1: Fly out, F7 (Line Drive, 7D)
Top of the 8th over - 0 run(s), 1 hit(s), 0 error(s), 2 left on base; Mexico City 5 - Santa Monica 5
BOTTOM OF THE 8TH
Santa Monica Bruins batting - Pitching for Mexico City Cerveceros : RHP Troy Hawkins
Pitching: RHP Jared Cameron
Now at 1B: Francisco Franco
Now at SS: Robinson Pacheco
Pinch Hitting: RHB Pablo Peńa 0-0: Called Strike
0-1: Foul Ball, location: 2F
0-2: Strikes out swinging
Pinch Hitting: RHB Motoshige Yagi 0-0: Ball
1-0: Ball
2-0: Foul Ball, location: 2F
2-1: SINGLE (Line Drive, 3)
Pinch Hitting: LHB Jeffrey Bascombe 0-0: Foul Ball, location: 2F
0-1: Called Strike
0-2: Foul Ball, location: 2F
0-2: SINGLE (Line Drive, 6)
Motoshige Yagi to second
Pinch Hitting: SHB Yoshitoki Kouda 0-0: Grounds into double play, 6-4-3 (Groundball, 6)
Bottom of the 8th over - 0 run(s), 2 hit(s), 0 error(s), 1 left on base; Mexico City 5 - Santa Monica 5
TOP OF THE 9TH
Mexico City Cerveceros batting - Pitching for Santa Monica Bruins : RHP Javier Correa
Pitching: RHP Ricardo Sánchez
Now at 2B: Armando Méndez
Now at 3B: Josh Richardson
Now at SS: Mark Hosley
Now in LF: Motoshige Yagi
Batting: RHB Iván Gonzáles 0-0: Ball
1-0: Called Strike
1-1: Called Strike
1-2: SINGLE (Groundball, 4M)
Batting: LHB Kevin Beasley 0-0: Called Strike
0-1: Foul Ball, location: 2F
0-2: Foul Ball, location: 2F
0-2: Ball
1-2: Foul Ball, location: 2F
1-2: Ball
2-2: Foul Ball, location: 2F
2-2: Grounds into double play, U4-3 (Groundball, 4)
Batting: RHB Pablo Trujillo 0-0: Called Strike
0-1: Foul Ball, location: 2F
0-2: Strikes out looking
Top of the 9th over - 0 run(s), 1 hit(s), 0 error(s), 0 left on base; Mexico City 5 - Santa Monica 5
BOTTOM OF THE 9TH
Santa Monica Bruins batting - Pitching for Mexico City Cerveceros : RHP Jared Cameron
Pitching: RHP Bill Bygrove
Batting: LHB Bob Cunningham 0-0: Foul Ball, location: 2F
0-1: Ball
1-1: Ball
2-1: Swinging Strike
2-2: SOLO HOME RUN (Flyball, 8RXD), Distance : 410 ft
This league is powered by Out of the Park Baseball, the baseball management simulation game for PC, Mac and Linux
Saturday, April 9th, 2016 - OOTP Baseball 16.8 Build 38